 Dungeon Crawl Stone Soup version 0.27.1-1-g398f81649c (webtiles) character file.

Game seed: 6281622776005305868

533 pkoi the Ruffian (level 7, -1/67 HPs)
             Began as a Troll Monk on Sept 7, 2021.
             Was a Believer of Okawaru.
             Slain by a gnoll (7 damage)
             ... on level 5 of the Dungeon.
             The game lasted 00:04:56 (3493 turns).

pkoi the Ruffian (Troll Monk)                       Turns: 3493, Time: 00:04:57

Health: -1/67      AC:  5    Str: 22    XL:     7   Next: 4%
Magic:  7/7        EV: 10    Int:  6    God:    Okawaru [**....]
Gold:   168        SH:  0    Dex: 12    Spells: 6/6 levels left

rFire    + . .     SeeInvis .     - Unarmed
rCold    . . .     Faith    .   (no shield)
rNeg     . . .     Spirit   .   a - +1 robe
rPois    .         Reflect  .   (helmet restricted)
rElec    .         Harm     .   (no cloak)
rCorr    .         Rampage  .   (gloves unavailable)
Will     .....                  (boots unavailable)
Stlth    ++........             k - amulet of magic regeneration
HPRegen  1.21/turn              c - ring of protection from fire
MPRegen  0.35/turn              (no ring)

@: no status effects
A: large, unfitting armour, claws 3, regeneration 1, shaggy fur 1, tough skin 1
a: Renounce Religion, Heroism


You were on level 5 of the Dungeon.
You worshipped Okawaru.
Okawaru was pleased with you.
You visited 2 branches of the dungeon, and saw 6 of its levels.

You collected 168 gold pieces.

Inventory:

Missiles
 e - 4 large rocks (quivered)
 l - 4 datura-tipped darts
Armour
 a - a +1 robe (worn)
Jewellery
 c - a ring of protection from fire (left claw)
 k - an amulet of magic regeneration (around neck)
 n - a ring of poison resistance
 q - an amulet of faith
Scrolls
 b - a scroll of fog
 h - 3 scrolls of vulnerability
 i - a scroll of identify
 j - 2 scrolls of teleportation
Potions
 d - 3 potions of flight
 f - a potion of brilliance
 g - a potion of attraction {unknown}
 m - 2 potions of might
 o - a potion of heal wounds {unknown}
 p - a potion of curing


   Skills:
 + Level 3.3 Fighting
 + Level 3.3 Dodging
 - Level 1.0 Stealth
 + Level 6.7 Unarmed Combat
 + Level 1.3 Invocations


You had 6 spell levels left.
You didn't know any spells.
Your spell library contained the following spells:

 Spells                   Type           Power      Damage    Failure   Level
 Blink                    Tloc           N/A        N/A       58%         2
 Lesser Beckoning         Tloc           0%         N/A       83%         3
 Manifold Assault         Tloc           0%         N/A       100%        5


Dungeon Overview and Level Annotations

Branches:
Dungeon (5/15)             Temple (1/1) D:4

Altars:
Cheibriados
Dithmenos
Elyvilon
Fedhas
Gozag
Kikubaaqudgha
Makhleb
Nemelex Xobeh
Okawaru
Qazlal
Ru
Sif Muna
Trog
Uskayaw
Vehumet
Wu Jian
Xom
Yredelemnul
Zin
The Shining One


Innate Abilities, Weirdness & Mutations

You are too large for most types of armour.
You have claws for hands.
Your natural rate of healing is unusually fast.
You are covered in fur. (AC +1)
You have tough skin. (AC +1)


Message History

You are too injured to fight recklessly!
You scratch the gnoll shaman but do no damage.
The gnoll hits you from afar with a +0 spear.
The gnoll shaman hits you but does no damage.
You scratch the gnoll shaman but do no damage.
The gnoll hits you from afar with a +0 spear.
The gnoll hits you from afar with a +0 spear!
The gnoll hits you with a +0 spear!
* * * LOW HITPOINT WARNING * * *
The gnoll shaman barely misses you.
You barely miss the gnoll shaman. The gnoll hits you with a +0 spear.
* * * LOW HITPOINT WARNING * * *
The gnoll hits you with a +0 spear.
* * * LOW HITPOINT WARNING * * *
You closely miss the gnoll shaman.
The gnoll shaman hits you with a +0 club!
* * * LOW HITPOINT WARNING * * *
The gnoll closely misses you.
Unknown command.
You scratch the gnoll shaman.
The gnoll shaman is moderately wounded.
The gnoll shaman hits you with a +0 club.
* * * LOW HITPOINT WARNING * * *
The gnoll hits you but does no damage.
Unknown command.
You closely miss the gnoll shaman.
The gnoll shaman is moderately wounded.
The gnoll closely misses you.
The gnoll shaman hits you with a +0 club.
* * * LOW HITPOINT WARNING * * *
Unknown command.
The gnoll hits you from afar with a +0 spear!
* * * LOW HITPOINT WARNING * * *
The gnoll shaman barely misses you.
The gnoll hits you from afar with a +0 spear.
* * * LOW HITPOINT WARNING * * *
The gnoll shaman hits you with a +0 club.
* * * LOW HITPOINT WARNING * * *
The gnoll hits you from afar with a +0 spear!
You die...

... #...#.#...##.. ...
#...#.#...##.. ..
#...#.#...##.. ..
#...#.#...##.. #.
#............. #.
#.#.####..##.. #.#####
#.#.# #..##.. #.gg..#
#.#.# #......
#.#)#@###.#.# #...#..
.....#.......# ##...#..
#.#.....................
#.#####.##..#.####..##..
# #.##..#.# #..##..
......... .......
##.##..#.####..##..
#.##..............
#####.......#.###.


You could see a gnoll shaman and a gnoll (fast).

Vanquished Creatures
  A scorpion (D:4)
  A water moccasin skeleton (D:5)
  A hound (D:4)
  An orc priest (D:5)
  An iguana (D:4)
  3 orc wizards
  2 hound zombies (D:5)
  A hound skeleton (D:5)
  7 gnolls
  4 adders
  4 dart slugs
  17 orcs
  7 ball pythons
  13 endoplasms
  4 giant cockroaches
  3 goblins
  4 hobgoblins
  3 jackals (D:1)
  5 kobolds
  5 quokkas
  3 bats
  A frilled lizard (D:3)
  A quokka skeleton (D:3)
  8 rats
100 creatures vanquished.

Notes
Turn   | Place    | Note
-------+----------+-------------------------------------------
     0 | D:1      | pkoi the Troll Monk began the quest for the Orb.
     0 | D:1      | Reached XP level 1. HP: 22/22 MP: 0/0
   170 | D:1      | Reached XP level 2. HP: 29/29 MP: 1/1
   347 | D:1      | Reached skill level 4 in Unarmed Combat
   391 | D:1      | Found a faded altar of an unknown god.
   806 | D:2      | Reached XP level 3. HP: 36/36 MP: 2/2
  1054 | D:2      | Reached skill level 5 in Unarmed Combat
  1054 | D:2      | Reached XP level 4. HP: 44/44 MP: 3/3
  1881 | D:3      | Reached XP level 5. HP: 44/50 MP: 4/4
  2147 | D:4      | Found a staircase to the Ecumenical Temple.
  2154 | D:4      | Reached skill level 6 in Unarmed Combat
  2165 | Temple   | Entered the Ecumenical Temple
  2346 | Temple   | Became a worshipper of Warmaster Okawaru
  2346 | Temple   | Reached * piety under Okawaru
  2346 | Temple   | Reached ** piety under Okawaru
  2764 | D:4      | Reached XP level 6. HP: 39/59 MP: 5/5
  3262 | D:5      | Entered Level 5 of the Dungeon
  3382 | D:5      | Reached skill level 1 in Invocations
  3451 | D:5      | Reached XP level 7. HP: 67/67 MP: 6/6
  3493 | D:5      | Slain by a gnoll

Illustrated notes

Levels and vault maps discovered:
D:1:      scummos_arrival_gate, layout_loops_ring,
          chequers_ecumenical_altar_lobes, minmay_vboxes
D:2:      layout_loops_ring, kennysheep_cross_room
D:3:      layout_rooms, amethyst_killhole, minmay_unequal
D:4:      layout_loops_corners, minmay_temple_entry_glass,
          kennysheep_generic_room_15
D:5:      layout_basic, patterned_corridor
Temple:   regret_index_temple_chain_breaker

Skill      XL: |  1  2  3  4  5  6 |
---------------+-------------------+-----
Unarmed Combat | 4 5 6 |  6.7
Fighting       | 3 |  3.3
Dodging        | 3 |  3.3
Invocations    | 1 |  1.3
Stealth        | |  1.0

Action                   |  1- 3 |  4- 6 |  7- 9 || total
-------------------------+-------+-------+-------++-------
Melee: Unarmed           |    71 |   181 |    12 ||   264
       Punch             |       |     3 |       ||     3
  Use: Scroll            |       |     8 |       ||     8
       Potion            |       |     5 |       ||     5
 Stab: Sleeping          |     3 |       |       ||     3
Armor: Robe              |    19 |    46 |     2 ||    67
Dodge: Dodged            |    39 |    79 |     6 ||   124
